[Event "5th Sharjah Masters 2022"]
[Site "Sharjah"]
[Date "2022.05.21"]
[Round "1.30"]
[White "Zawadzka, Jolanta"]
[Black "Hakobyan, Aram"]
[Result "1/2-1/2"]
[ECO "C47"]
[WhiteElo "2409"]
[BlackElo "2615"]
[Annotator "TA"]
[PlyCount "62"]
[EventDate "2022.05.21"]
[EventType "swiss"]
[EventCountry "UAE"]
[SourceTitle "playchess.com"]
[Source "ChessBase"]
[SourceQuality "1"]
[TimeControl "5400+30"]

1. e4 e5 2. Nf3 Nc6 3. Nc3 Nf6 4. d4 exd4 5. Nxd4 Bb4 6. Nxc6 bxc6 7. Bd3 d5 8. exd5 O-O {[%emt 0:00:24] seems to push 8...cxd5 aside.} 9. O-O cxd5 10. h3 {[%emt 0:00:10] C47: Scotch Four Knights and Four Knights with 4 g3.} c6 11. Qf3 Rb8 12. Bf4 Bd6 13. b3 Be6 14. Rfe1 Rb4 15. Bxd6 Qxd6 16. Qe3 c5 {[%emt 0:09:44] [#]} 17. Na4 $146 ({Predecessor:} 17. Rad1 Qc7 18. Na4 Nd7 19. c3 Rbb8 20. f4 g6 21. f5 gxf5 22. Qg5+ Kh8 23. Bxf5 {½-½ (35) Bida,M (2394)-Georgescu,T (2463) Arad 2016}) 17... Rc8 18. c3 Rbb8 19. Rad1 Qc6 20. Be2 c4 21. Qxa7 cxb3 22. axb3 Rxb3 {[%emt 0:00:27] [#] Strongly threatening ...Ra8.} 23. Rb1 Ra3 ({Much weaker is} 23... Ra8 24. Qxa8+ Qxa8 25. Rxb3 $11) 24. Bb5 Qd6 25. Qd4 h6 (25... Rc4 $5 26. Qe5 (26. Bxc4 Rxa4 27. Qb6 Qxb6 $17) 26... Qxe5 27. Rxe5 Rc8 $15) 26. Ra1 {[%emt 0:08:26] The position is equal.} Rxa1 27. Rxa1 Ra8 28. Rb1 Bf5 29. Rb4 Ne4 30. Bf1 Qc6 31. Nb6 Ra5 {[%emt 0:04:59] Weighted Error Value: White=0.07 (flawless) /Black=0.07 (flawless)} 1/2-1/2

[Event "5th Sharjah Masters 2022"]
[Site "Sharjah"]
[Date "2022.05.21"]
[Round "1.31"]
[White "Mastrovasilis, Dimitrios"]
[Black "Kamalidenova, Meruert"]
[Result "0-1"]
[ECO "C55"]
[WhiteElo "2613"]
[BlackElo "2408"]
[Annotator "TA"]
[PlyCount "28"]
[EventDate "2022.05.21"]
[EventType "swiss"]
[EventCountry "UAE"]
[SourceTitle "playchess.com"]
[Source "ChessBase"]
[SourceQuality "1"]
[TimeControl "5400+30"]

1. e4 e5 2. Nf3 Nc6 3. Bc4 Nf6 4. d3 h6 5. O-O d6 6. Re1 Na5 {[%emt 1:31:32] 6...g5 is a critical line. C55: Two Knights: 4 d3, 4 d4 exd4 5 e5 and Max Lange Attack.} 7. Bd5 c6 {[%emt 0:00:00] [#]} 8. Bxf7+ Kxf7 {[%emt 0:00:00] White has an edge.} 9. b4 Be7 {[%emt 0:00:00][%cal Oc8e6] [#]} 10. bxa5 $146 ({Predecessor:} 10. Bd2 g5 11. Bc3 b5 12. bxa5 c5 13. a3 g4 14. Nfd2 Qg8 15. Nf1 Be6 16. Bd2 {½-½ (128) Tomazini,Z (2439)-Santos Ruiz,M (2543) Caleta 2019}) 10... Rf8 11. a6 {[%emt 0:03:03] White is slightly better.} (11. d4 $5 ) 11... b6 12. d4 Qc7 13. Bb2 Nd7 14. dxe5 dxe5 {[%emt 0:00:00][%mdl 32768] Weighted Error Value: White=0.06 (flawless) /Black=0.08 (flawless) . Loss on time!?} 0-1

[Event "5th Sharjah Masters 2022"]
[Site "Sharjah"]
[Date "2022.05.21"]
[Round "1.32"]
[White "Erdogdu, Mert"]
[Black "Sethuraman, S.P."]
[Result "0-1"]
[ECO "B63"]
[WhiteElo "2407"]
[BlackElo "2613"]
[Annotator "TA"]
[PlyCount "80"]
[EventDate "2022.05.21"]
[EventType "swiss"]
[EventCountry "UAE"]
[SourceTitle "playchess.com"]
[Source "ChessBase"]
[SourceQuality "1"]
[TimeControl "5400+30"]

1. e4 c5 2. Nf3 Nc6 3. d4 cxd4 4. Nxd4 Nf6 5. Nc3 d6 6. Bg5 e6 7. Qd2 a6 8. O-O-O Be7 9. f3 Nxd4 10. Qxd4 b5 11. Kb1 Bb7 12. h4 O-O 13. Qd2 {[%emt 0:00:47] 13.g4 is the hot move.} Qc7 14. Ne2 {[%emt 0:03:24] B63: Sicilian: Richter-Rauzer: 7...Be7 and unusual Black 7th moves.} Rfc8 15. Nd4 {[%emt 0:02:59] [#]} b4 $146 (15... d5 16. e5 Ne8 17. Bxe7 Qxe7 18. c3 $16) ({Predecessor:} 15... h6 16. Be3 Nd7 17. g4 d5 18. g5 h5 19. g6 Bf6 20. gxf7+ Kxf7 21. Bh3 Nf8 {1-0 (40) Manik,M (2366)-Skalsky,A (2236) Skalica 2020}) 16. Bd3 {[%emt 0:01:45] White is slightly better.} (16. Qxb4 $2 e5 17. Qc4 (17. Bxf6 $2 Bxf6 18. Qc4 exd4 $19) 17... exd4 18. Qxc7 Rxc7 $19) 16... a5 17. g4 Ba6 18. Be3 Nd7 19. g5 Ne5 20. h5 a4 {[%emt 0:12:51][%cal Ob4b3] Black continues to play with concentration.} 21. g6 b3 22. h6 (22. Bxa6 $17 {might work better.} bxa2+ 23. Ka1 Rxa6 24. gxf7+ Kxf7 25. Nxe6) 22... fxg6 $19 {[%emt 0:05:49] And now ...bxc2+ would win.} 23. hxg7 {[%emt 0:02:05][%cal Oh1h7] aiming for Rxh7!} Bf6 {[%emt 0:16:15] The board is on fire.} 24. Qh2 ({Avoid the trap} 24. Nxe6 $2 Bxd3 $1 25. Nxc7 (25. cxd3 $2 Qc2+ 26. Ka1 a3 $19) 25... bxc2+ 26. Kc1 cxd1=Q+ 27. Kxd1 Rxc7 $19) (24. Bxa6 $142 Rxa6 25. cxb3 (25. f4 $2 Nf3 $19) 25... axb3 26. Qh2) 24... Qxg7 (24... bxa2+ $142 25. Kxa2 Bc4+ 26. Ka1 h5 27. Bxc4 Qxc4) 25. Qh3 {[%emt 0:05:30] Bxa6 is the strong threat.} Bc4 {[%emt 0:08:05] Active counter play!} ({Black should play} 25... bxa2+ $19 26. Kxa2 Qf7 27. Bxa6 Rxa6) 26. Bxc4 $4 (26. axb3 $17 {was the crucial defense.} axb3 27. Bxc4 Nxc4 28. Qxe6+ Qf7 29. Qxf7+ Kxf7 30. Bc1 Bxd4 31. Rxd4 bxc2+ 32. Kxc2) 26... Nxc4 27. Qxe6+ Qf7 $1 ({But not} 27... Kh8 {[#]} 28. Rxh7+ $3 Qxh7 29. Qxf6+ Kg8 30. Rg1 $1 $18) 28. Qxf7+ Kxf7 29. Bf4 bxc2+ 30. Nxc2 (30. Kxc2 $142 Rab8 31. b3 (31. Rxh7+ $2 Kg8 $19) 31... Ne3+ 32. Kd3 Nxd1 33. Rxd1) 30... Rab8 31. Rxh7+ Kg8 32. Rh6 {[%emt 0:00:44] [#]} Na3+ $1 33. Nxa3 Rxb2+ 34. Ka1 Rd2+ {[%emt 0:00:05][%mdl 64] Discovered Attack. Black mates.} 35. e5 Rxd1+ 36. Kb2 dxe5 37. Bg5 Bxg5 38. Rxg6+ Kf7 39. Rxg5 Rd2+ 40. Kb1 Rc3 {[%emt 0:00:41][%csl LRa3,LRf3] Weighted Error Value: White=0.70/Black=0.09 (flawless)} 0-1

[Event "5th Sharjah Masters 2022"]
[Site "Sharjah"]
[Date "2022.05.21"]
[Round "1.33"]
[White "Aryan Chopra"]
[Black "Buksa, Nataliya"]
[Result "1-0"]
[ECO "B31"]
[WhiteElo "2609"]
[BlackElo "2406"]
[Annotator "TA"]
[PlyCount "32"]
[EventDate "2022.05.21"]
[EventType "swiss"]
[EventCountry "UAE"]
[SourceTitle "playchess.com"]
[Source "ChessBase"]
[SourceQuality "1"]
[TimeControl "5400+30"]

1. e4 {[%emt 0:00:03] Nielsen,Peter Heine} c5 2. Nf3 Nc6 3. Bb5 g6 4. Bxc6 bxc6 5. d4 cxd4 6. Qxd4 {[%emt 0:00:06] B31: Sicilian: 2...Nc6 3 Bb5 g6.} f6 7. O-O d6 {[%emt 0:00:22] [#]} 8. Be3 $146 {[%emt 0:00:06] The position is equal.} ({Predecessor:} 8. c4 c5 9. Qd3 Bg7 10. b3 Nh6 11. Nc3 Rb8 12. Bd2 O-O 13. Rae1 Nf7 14. h4 {0-1 (44) Vachier Lagrave,M (2778)-Carlsen,M (2882) Saint Louis 2019 CBM 192 [Nielsen,Peter Heine]}) 8... e5 9. Qd3 d5 10. Rd1 Be6 11. Nc3 d4 12. Bxd4 exd4 13. Nxd4 Qc8 {[%emt 0:00:30] [#]} (13... Kf7 $11) 14. e5 $1 $16 {[%emt 0:16:30] White is more active.} f5 (14... Kf7 $14) 15. Nxe6 $18 Qxe6 {[%emt 0:00:13] [#]} 16. Nb5 $1 {[%emt 0:00:06] aiming for Nc7+.} Qc8 {[%emt 0:18:18] Against Nc7+.  Weighted Error Value: White=0.02 (flawless) /Black=0.24 (precise)} ({Not} 16... cxb5 17. Qxb5+ Kf7 18. Qb7+ Ne7 19. Qxa8) (16... Rc8 $142) 1-0

[Event "5th Sharjah Masters 2022"]
[Site "Sharjah"]
[Date "2022.05.21"]
[Round "1.34"]
[White "Saeed, Ishaq"]
[Black "Sindarov, Javokhir"]
[Result "0-1"]
[ECO "E66"]
[WhiteElo "2397"]
[BlackElo "2609"]
[Annotator "TA"]
[PlyCount "76"]
[EventDate "2022.05.21"]
[EventType "swiss"]
[EventCountry "UAE"]
[SourceTitle "playchess.com"]
[Source "ChessBase"]
[SourceQuality "1"]
[TimeControl "5400+30"]

1. d4 Nf6 2. c4 g6 3. Nf3 Bg7 4. g3 c5 5. Bg2 Nc6 6. O-O O-O 7. Nc3 d6 8. d5 Na5 9. Nd2 a6 10. Qc2 e6 (10... b5 $5) 11. b3 {[%emt 0:07:43] E66: King's Indian: Fianchetto: 6...c5 7 0-0 Nc6 8 d5.} exd5 (11... b5 $5) 12. cxd5 b5 13. Bb2 {[%emt 0:01:57] White is slightly better.} Re8 14. Nde4 {[%emt 0:17:07] [#]} Nh5 $146 ({Predecessor:} 14... Bf5) 15. Nd1 Bf5 16. Bxg7 (16. f3 {feels hotter.} Bxe4 17. fxe4 Bxb2 18. Qxb2 Qg5 19. Qc3) 16... Bxe4 17. Bxe4 Kxg7 18. Bf3 Nf6 19. h4 Rc8 20. h5 Re5 21. hxg6 hxg6 22. Kg2 Nxd5 23. Bxd5 (23. Rh1 $5 ) 23... Rxd5 24. Qc3+ f6 25. Rh1 Nc6 (25... Rh5 $2 26. Rxh5 gxh5 27. Ne3 $18) 26. Qc1 ({White should play} 26. Ne3 $14 Rd4 27. Nc2) 26... Rg5 $15 {[%emt 0:03:21] Active counter play!} 27. f4 (27. Nc3 $15) 27... Rh5 $17 28. Rxh5 gxh5 29. Nf2 Qe8 30. e3 (30. Qd2 $17) 30... d5 ({Better is} 30... Ne7 $19 31. e4 d5) 31. Qxc5 $15 Ne7 $36 {[%emt 0:00:51][%mdl 2048] Black fights for an advantage.} 32. Qa7 Kg6 {[%emt 0:00:55] And now ...Nf5 would win.} 33. g4 {[%emt 0:00:34] Inhibits Nf5.} ({Not} 33. Qxa6 $2 Nf5 34. Qb6 Rc2 $19) (33. Rh1 $1 $11 {keeps the balance.}) 33... hxg4 $17 {[%emt 0:02:32] White must now prevent ...Nf5.} 34. Rh1 Rc2 35. f5+ $2 {[%emt 0:00:53][%mdl 8192] [#] Loses the game.} (35. a4 $17) 35... Nxf5 {[%emt 0:00:45] Black mates.} 36. Qh7+ Kg5 37. Kg1 Rc1+ 38. Kg2 Nxe3+ {[%emt 0:00:06] Weighted Error Value: White=0.44/Black=0.15 (very precise)} 0-1

[Event "5th Sharjah Masters 2022"]
[Site "Sharjah"]
[Date "2022.05.21"]
[Round "1.35"]
[White "Puranik, Abhimanyu"]
[Black "Injac, Teodora"]
[Result "1-0"]
[ECO "C77"]
[WhiteElo "2608"]
[BlackElo "2384"]
[Annotator "TA"]
[PlyCount "125"]
[EventDate "2022.05.21"]
[EventType "swiss"]
[EventCountry "UAE"]
[SourceTitle "playchess.com"]
[Source "ChessBase"]
[SourceQuality "1"]
[TimeControl "5400+30"]

1. e4 e5 2. Nf3 Nc6 3. Bb5 a6 4. Ba4 Nf6 5. O-O Be7 6. d3 b5 7. Bb3 d6 8. a3 O-O 9. Nc3 Na5 {[%emt 0:07:22] C77: Ruy Lopez: 3...a6 4 Ba4 Nf6, unusual lines.} 10. Ba2 c5 11. b4 Nc6 {[%emt 0:08:43] The position is equal.} 12. Nd5 {[%emt 0:00:31] [#]} Bd7 $146 ({Predecessor:} 12... Be6 13. c3 Re8 14. Rb1 Rc8 15. h3 h6 16. Re1 Bf8 17. Be3 Bxd5 18. exd5 Ne7 {½-½ (132) Sychev,K (2553)-Tabatabaei,M (2643) Chess.com INT 2022}) 13. Rb1 Nxd5 14. Bxd5 cxb4 15. axb4 Rc8 16. Be3 Bf6 17. Nd2 Qc7 18. Rb2 Ne7 19. Bb3 Nc6 20. Ba2 Nd4 21. Bxd4 exd4 22. f4 Qc3 23. Qc1 Qc7 24. Nf3 Be6 25. Qb1 Rfe8 26. h3 Qd7 27. Qe1 Bd8 28. Kh1 Bb6 (28... d5 $142) 29. Qh4 f6 {[%emt 0:01:59] Against Ng5} 30. Ra1 (30. Qg4 $16) 30... Bxa2 $2 (30... d5 $11 {and Black is okay.}) 31. Rbxa2 $18 Qb7 (31... f5 $16) 32. Qh5 g6 33. Qh4 Kg7 (33... d5 $16) 34. Qg4 (34. Rxa6 Rxc2 35. f5 (35. e5 dxe5 36. fxe5 fxe5 $11) 35... Rec8 36. fxg6 Rc1+ 37. Kh2 hxg6 $16) 34... d5 35. e5 f5 (35... fxe5 {was worth a try.} 36. fxe5 (36. Nxe5 Ra8 $16) 36... Ra8) 36. Qh4 Ra8 37. g4 {[%emt 0:02:11] gxf5 is the strong threat.} Bd8 {[%emt 0:02:52] [#]} 38. Qg3 {[%emt 0:00:11] Black must now prevent gxf5.} ({Don't play} 38. g5 $6 Ra7 39. Kg2 (39. Nxd4 Bb6 $16) 39... Kg8 40. Nxd4 Bb6) 38... fxg4 39. hxg4 {[%emt 0:00:16] aiming for f5.} (39. Qxg4 $6 Kh8 40. Nxd4 Ra7 $18) 39... Kh8 40. Kg2 ({Don't do} 40. Nxd4 Bb6) 40... a5 (40... Be7 {was called for.}) 41. bxa5 Ra6 42. Nxd4 Be7 43. Rh1 Bc5 44. Nf3 b4 $2 (44... Rg8 45. d4 Be7) 45. Ng5 Re7 46. Qf3 Bd4 47. Kg3 Kg8 $2 (47... Qc6 48. e6 Kg8) 48. Qe2 (48. c3 $142 Bxc3 49. Rah2) 48... Qb5 49. Nf3 Bc3 50. Qh2 d4 $2 (50... Rd7 51. Ng5 Qb7) 51. Qh4 Raa7 52. f5 ({Better is} 52. Qg5 $18) 52... gxf5 $2 {[%emt 0:00:08] Loses the game.} (52... Qd5 $16 {is more resistant.}) 53. gxf5 Rxe5 (53... Rg7+ $142 54. Kf2 Qd5) 54. Nxe5 Qxe5+ 55. Qf4 Rg7+ 56. Kf3 Qd5+ 57. Qe4 Qd8 58. a6 {[%emt 0:00:39] White mates.} Re7 {[%emt 0:00:14] [#]} 59. a7 $1 Rxe4 60. a8=Q ({Less strong is} 60. dxe4 Qa8 61. Rh6 b3 62. cxb3 d3 $18) 60... Re8 61. Qxd8 Rxd8 62. Ra7 Rf8 63. Ke4 {[%emt 0:02:53] Weighted Error Value: White=0.33/Black=0.48} 1-0

[Event "5th Sharjah Masters 2022"]
[Site "Sharjah"]
[Date "2022.05.21"]
[Round "1.36"]
[White "Farahat, Ali"]
[Black "Hovhannisyan, Robert"]
[Result "0-1"]
[ECO "C48"]
[WhiteElo "2381"]
[BlackElo "2607"]
[Annotator "TA"]
[PlyCount "134"]
[EventDate "2022.05.21"]
[EventType "swiss"]
[EventCountry "UAE"]
[SourceTitle "playchess.com"]
[Source "ChessBase"]
[SourceQuality "1"]
[TimeControl "5400+30"]

1. e4 e5 2. Nf3 Nc6 3. Bb5 Nf6 4. Nc3 Bd6 5. O-O O-O 6. d3 {[%emt 0:00:09] C48: Four Knights: 4 Bb5, replies other than 4...Bb4.} h6 7. a3 Re8 8. Be3 {[%emt 0:00:59] White has an edge. is recently more successful than 8.h3.} Bf8 9. Bc4 d6 10. h3 Be6 {[%emt 0:01:59] [#]} 11. Re1 $146 ({Predecessor:} 11. Bxe6 Rxe6 12. Nd5 Ne7 13. c4 c6 14. Nxf6+ Rxf6 15. d4 exd4 16. Nxd4 Qd7 17. Qc2 {1-0 (35) Nepomniachtchi,I (2776)-Tomashevsky,E (2718) Khanty-Mansiysk 2019}) 11... d5 12. exd5 Nxd5 13. Bb5 Nxc3 14. bxc3 Bd7 15. d4 e4 16. Bxc6 Bxc6 17. Ne5 Ba4 18. Qg4 f6 19. Ng6 Bxc2 20. Nxf8 Kxf8 21. Bf4 g5 22. Bh2 Kg7 23. h4 Re7 24. Re3 Qd7 25. Qh5 Qe8 26. Qe2 Bd3 27. Qb2 Qb5 28. Qxb5 Bxb5 29. f3 Bd3 (29... Bc6 {feels hotter.} 30. hxg5 hxg5 31. fxe4 Bxe4 32. Bxc7 Rxc7 33. Rxe4 Rxc3 34. Re7+ Kg6) 30. Rae1 {[%emt 0:01:29][%cal Oe3d3] Hoping for Rxd3!} Rae8 31. hxg5 hxg5 32. fxe4 Bxe4 33. Bxc7 Rxc7 34. Rxe4 Rxe4 35. Rxe4 $17 {[%emt 0:00:03][%mdl 4096] Endgame KR-KR} f5 36. Re3 f4 37. Rf3 Kf6 38. g3 Kf5 39. gxf4 gxf4 40. Kf2 Rh7 {[%emt 0:01:11] Against Rh3} ({Black should play} 40... Ke4 $17 {And now ...Rh7 would win.} 41. Rh3 Rc6) 41. Rd3 $1 $15 Ke4 42. Rd1 Rh2+ 43. Kg1 Rh5 44. c4 $2 (44. Kf2 $15) 44... Ke3 $1 $19 {[%emt 0:00:41] Threatens to win with ...Ke2.} 45. Rb1 Rh7 (45... Kxd4 46. Rxb7 Ra5 47. Rf7 $17) (45... b6 $19 46. d5 Ke2 47. Rb2+ Kd3) 46. d5 $11 b6 47. Re1+ Kd4 48. d6 (48. Rc1 $15) 48... Rh8 ({Stronger than} 48... Kxc4 49. Rc1+ Kb5 50. Rc7 $15) (48... Rd7 $17 49. Re7 Rxd6 50. Rxa7 Ke3 51. Re7+ Kf3) 49. Re7 Rd8 50. Rxa7 Rxd6 {[%emt 0:00:05] next ...Ke3 is good for Black.} 51. Rc7 (51. Kg2 $11) 51... Ke3 $1 $17 52. c5 $2 (52. Rf7 $17) 52... Rd1+ 53. Kh2 b5 $2 ({Black should try} 53... bxc5 $19 54. Re7+ Kf2) 54. c6 $1 $11 ({Don't go for} 54. Re7+ $2 Kf2 55. Re4 f3 $19) 54... Rd6 {[%emt 0:00:07] Strongly threatening ...f3.} 55. Kg1 ({Don't blunder} 55. Re7+ $2 Kf2 56. Rh7 Rxc6 $19) 55... Rg6+ 56. Kf1 Kf3 57. Rc8 Rh6 58. Ke1 Rd6 59. c7 $2 (59. Rc7 $11) 59... Rd7 60. Rb8 Re7+ 61. Kd2 Rxc7 {[%emt 0:01:42] ( -> ...Kf2)} 62. Rxb5 {[%emt 0:00:03] [#]} Ra7 $1 63. Ke1 Rxa3 64. Rf5 Ra1+ 65. Kd2 Rf1 66. Rf8 {[%emt 0:05:59] [#]} Kg2 $1 67. Rg8+ Kf2 {[%emt 0:00:09] Weighted Error Value: White=0.35/Black=0.32} 0-1

[Event "5th Sharjah Masters 2022"]
[Site "Sharjah"]
[Date "2022.05.21"]
[Round "1.37"]
[White "Aravindh, Chithambaram VR."]
[Black "Aziz, Husain"]
[Result "1-0"]
[ECO "C67"]
[WhiteElo "2606"]
[BlackElo "2379"]
[Annotator "TA"]
[PlyCount "175"]
[EventDate "2022.05.21"]
[EventType "swiss"]
[EventCountry "UAE"]
[SourceTitle "playchess.com"]
[Source "ChessBase"]
[SourceQuality "1"]
[TimeControl "5400+30"]

1. e4 e5 2. Nf3 Nc6 3. Bb5 Nf6 4. O-O Nxe4 5. Re1 Nd6 6. a4 {[%emt 0:00:30] C67: Ruy Lopez: Berlin Defence: 4 0-0 Nxe4.} Be7 7. Nc3 {[%emt 0:00:30] Against e4} O-O 8. d4 {[%emt 0:00:30] The position is equal.} e4 9. Nxe4 Nxe4 10. Rxe4 d5 11. Re1 Bg4 12. Bxc6 bxc6 13. Qd3 Bxf3 (13... f6 {is interesting.} 14. Nh4 Re8 15. h3 Bh5) 14. Qxf3 {[%emt 0:00:30] [#]} c5 $146 ({Predecessor:} 14... Bd6 15. Bf4 Qf6 16. Bxd6 Qxd6 17. Qc3 Rfe8 18. Re5 f6 19. Re3 Rxe3 20. Qxe3 Kf7 {½-½ (47) Dubov,D (2700)-McShane,L (2688) Netanya 2019}) 15. dxc5 Bxc5 16. Be3 Qd6 17. Re2 Rfe8 18. Rae1 Bxe3 19. Rxe3 Rxe3 (19... Kf8 {looks sharper.} 20. g3 Rxe3 21. Qxe3 h6) 20. Qxe3 $11 {[%emt 0:00:30][%mdl 4096] Endgame KQR-KQR} h6 21. b3 c5 22. g3 a5 23. h4 Rc8 24. Qd2 Ra8 25. Re2 d4 26. Qe1 {[%emt 0:00:30] Hoping for Re8+.} Qc6 {[%emt 0:00:30] Prevents Re8+.} 27. Re4 Rb8 28. Kh2 (28. Re7 {feels hotter.} Qf3 29. Re4 Rc8 30. Rf4) 28... d3 {[%emt 0:00:30] aiming for ...d2.} 29. cxd3 Rxb3 30. Qxa5 Rxd3 31. Qe1 Qd5 32. Re5 Qf3 33. Re2 c4 34. a5 c3 35. a6 c2 (35... Kh7 $11) 36. Rxc2 $16 Ra3 37. Qb1 $36 {[%emt 0:00:30][%cal Rc2c8][%mdl 2048] White is really pushing.} Qf5 {[%emt 0:00:30] Against Rc8+} (37... Qa8 $2 38. Rb2 Rxa6 39. Rb8+ Qxb8 40. Qxb8+ $18) 38. a7 $1 (38. Qb8+ $6 Kh7 39. Qc8 Qxc8 40. Rxc8 Rxa6 $11) 38... Rxa7 39. Qb8+ Kh7 40. Qxa7 {[%emt 0:00:30] White is more active.} Qxc2 41. Qxf7 {[%emt 0:00:30] KQ-KQ} Qe4 42. Kg1 Qe1+ 43. Kg2 Qe4+ 44. Qf3 Qd4 45. Qf5+ Kh8 46. Qe6 Qd2 47. Qe4 (47. h5 {keeps more tension.} Kh7 48. g4 Qb2 49. Qe4+) 47... Kg8 48. Qe6+ Kh8 $1 49. Qc8+ Kh7 50. Qf5+ Kh8 51. Qf8+ Kh7 52. Qf5+ Kh8 $1 53. Kh3 Qd1 54. Qf8+ Kh7 55. Qf5+ Kh8 $1 56. f3 ({Better is} 56. h5 $16) 56... Kg8 (56... Qf1+ $1 $11 57. Kg4 Qc4+ 58. Kh5 Qe2) 57. Qc8+ Kh7 58. Qf5+ (58. Qc6 $16) 58... Kh8 (58... Kg8 $11 {remains equal.}) 59. Qf8+ Kh7 60. Kg4 (60. h5 $16) 60... Qa4+ (60... Qd4+ $11 61. Kh3 Qd5) 61. Qf4 Qd1 62. Qf5+ Kh8 63. Kh5 ({White should play} 63. Qf8+ $16 Kh7 64. h5) 63... Qd6 $11 64. g4 Qd2 65. Qe6 Qh2 66. Kg6 Qc2+ 67. Qe4 Qc8 68. g5 Qg8 69. Kh5 Qf7+ (69... hxg5 $1 $14 70. hxg5 (70. Kxg5 Qd8+ 71. Kf5 Qf6+ 72. Kg4 Qd6 $16) 70... Qf8) 70. Kg4 ({White has to play} 70. g6 $1 $16 Qd5+ 71. Kg4) 70... Qd7+ 71. Kg3 hxg5 72. hxg5 {[%emt 0:00:30] Threatening mate with g6.} Qd6+ 73. f4 Qd1 $2 (73... Qa3+ $11 74. Kg4 g6 75. Qe5+ (75. Qxg6 Qh3+ 76. Kxh3 $11) 75... Kg8 76. Qe8+ (76. Qe6+ Kh7 $16) 76... Kg7 77. Qe5+ Kg8 78. Qb8+ (78. Qe6+ Kh7 $16) 78... Kg7 79. Qe5+ Kg8) 74. Kh4 $2 (74. g6 $1 Qg1+ 75. Kh3 Qf1+ 76. Qg2 Qa6 77. Kh2 Qa2 78. f5 Qa4 79. Qh1 Qa2+ 80. Qg2) 74... Qg1 $2 (74... Kg8 $16 75. f5 (75. Qe8+ Kh7 $16) 75... Kf8 76. Qa8+ Ke7 77. Qe4+ Kf8 78. Qa8+ Ke7 79. Qe4+ Kf8) 75. Kh5 $2 (75. g6 $1 {mates} Qh2+ 76. Kg4 Qg1+ 77. Kh3 Qf1+ 78. Qg2 Qa6 79. Kh2 Qa2 80. Kg3 Qa3+ 81. Kg4) 75... Qd1+ 76. Kg6 Qd6+ 77. Kf7 {[%emt 0:00:30] White threatens Qh1+ and mate.} Qc7+ $2 (77... Qd7+ $11 {and Black is okay.} 78. Kf8 Qc8+ 79. Ke7 Qc7+ 80. Ke6 Qc8+ 81. Ke7 Qc7+ 82. Ke6 Qc8+ 83. Ke7) 78. Kf8 $2 ({Only move:} 78. Qe7 $1 $18 Qc4+ 79. Qe6 (79. Kg6 Qe6+ 80. Qxe6 $11) 79... Qxf4+ 80. Kg6) 78... Qb8+ 79. Kf7 $2 (79. Ke7 $11 Qc7+ 80. Ke6) 79... Qc7+ $1 $18 {[#]} 80. Qe7 $1 {[%emt 0:00:30] White is winning.} Qc4+ {[%emt 0:01:00] [#]} (80... Qxf4+ {leads to mate.} 81. Kg6) 81. Qe6 $1 ({Worse is} 81. Kg6 Qe6+ 82. Qxe6 $11) 81... Qxf4+ 82. Kg6 Qc4 {[%emt 0:00:30] Inhibits Qc8+.} 83. Qh3+ Kg8 84. Qh7+ Kf8 85. Qxg7+ Ke8 86. Qe5+ Kd7 87. Kf6 {[%emt 0:00:30] Qe7+ would kill now.} Qh4 88. Kg7 {[%emt 0:00:30] Weighted Error Value: White=0.16 (very precise) /Black=0.16 (very precise)} 1-0

[Event "5th Sharjah Masters 2022"]
[Site "Sharjah"]
[Date "2022.05.21"]
[Round "1.38"]
[White "Vogt, Lothar"]
[Black "Gupta, Abhijeet"]
[Result "0-1"]
[ECO "B51"]
[WhiteElo "2365"]
[BlackElo "2606"]
[Annotator "TA"]
[PlyCount "93"]
[EventDate "2022.05.21"]
[EventType "swiss"]
[EventCountry "UAE"]
[SourceTitle "playchess.com"]
[Source "ChessBase"]
[SourceQuality "1"]
[TimeControl "5400+30"]

1. e4 c5 2. Nf3 d6 3. Bb5+ Nd7 4. c3 Ngf6 5. Bd3 a6 6. a4 {[%emt 0:02:43] B51: Sicilian: Moscow Variation (3 Bb5+) without 3...Bd7.} b6 7. O-O Bb7 8. Re1 {[%emt 0:00:20] The position is equal.} e6 9. Na3 Qc7 10. Qe2 Be7 11. Bc2 Rc8 12. d3 O-O {[%emt 0:00:37] [#]} 13. Bg5 $146 ({Predecessor:} 13. h3 Rfe8 14. Bf4 Bf8 15. Bh2 e5 16. Bb3 g6 17. Nc4 b5 18. axb5 axb5 19. Ne3 {½-½ (72) Kravtsiv,M (2653)-Robson,R (2656) Khanty-Mansiysk 2017}) 13... Rfe8 14. Rac1 h6 15. Bd2 Qb8 16. d4 cxd4 17. cxd4 Rxc2 18. Nxc2 Nxe4 19. Bf4 Qa8 20. Ne3 Ndf6 21. Nd2 Nxd2 22. Qxd2 Nh5 23. Bg3 f5 {[%emt 0:09:02] [#]} (23... Qd8 $14) 24. Qe2 $1 $18 Nf6 25. f3 (25. Nc4 $18 {and White stays clearly on top.}) 25... Bf8 (25... Nd5 $16) 26. Rc7 Qb8 (26... Bc6 {might work better.} 27. Qc2 Bd5) 27. Rec1 Qa8 28. Qd2 Be7 (28... b5 $16 {is a better defense.} 29. Qd3 Rb8) 29. Qb4 Bxf3 30. gxf3 Qxf3 31. Ng2 (31. Qb3 $18 {is more deadly.} Nd5 {[#]} 32. R7c3 $1 ) 31... Nd5 $16 {[%emt 0:01:30][%csl LRb4,LRc7] [#]} 32. Rxe7 $1 Nxb4 33. Rxe8+ Kf7 34. Rec8 ({Stronger than} 34. Bxd6 Kxe8 35. Bxb4 Qg4 $17) ({White should play} 34. Rd8 $14 Nd5 35. Rd7+ (35. Bxd6 g5 $11) 35... Kg8 36. Rxd6 (36. Bxd6 Ne3 $11)) 34... Nd5 $11 35. R8c2 (35. Bxd6 $11 g5 36. R8c2) 35... Qg4 $17 {[%emt 0:00:53][%mdl 1024] Black has strong compensation.} 36. Rd2 (36. a5 $17 {keeps fighting.}) 36... f4 $19 37. Rf1 g5 {[%emt 0:00:04] White must now prevent ...Ke7.} 38. Be1 (38. Kh1 $142) 38... Ke7 {[%emt 0:00:35] Strongly threatening ...f3.} ({Not} 38... Ne3 39. Rff2 $17) 39. Rd3 {[%emt 0:03:31] Prevents f3.} Qf5 40. Rdf3 e5 41. dxe5 dxe5 42. h3 $2 {[%emt 0:01:27] White does not recover from this.} (42. R3f2 $17) 42... e4 43. Rb3 Qe6 44. Kh2 f3 45. Bb4+ (45. Bf2 $142 fxg2 46. Ra1) 45... Nxb4 {[%emt 0:00:34][%mdl 64] Remove Defender} 46. Rxb4 Qd6+ 47. Kg1 {[%emt 0:02:23] Weighted Error Value: White=0.57/Black=0.16 (very precise)} 0-1